AoeStats
← Fleischwolf

Lombardia

509708755Analyzed
4v4 RM · 4d ago on Sep 27, 2026· 49m 16s· 8 players
Game mode
Random Map
Map size
Large (8 player)
Population
200
Speed
Normal
Resources
Standard
Victory
Conquest
Starting age
Dark Age
Ending age
Imperial Age
RankedLock teamsTeams togetherTeam positionsShared explorationLock speedFull tech treeHidden civsTurbo modeCheats
Victory
Defeat
🇩🇪 Byzantines · Germany
1436
+10
🇩🇪 Mongols · Germany
1434
+11
🇩🇪 Varangians · Germany
1334
+14
🇩🇪 Mongols · Germany
1251
+18
🇫🇷 Hindustanis · France
1375
-16
🇨🇭 Franks · Switzerland
1314
-14
🇲🇽 Mongols · Mexico
1280
-12
🇫🇷 Armenians · France
1245
-11
kiara.g
6:23 Loom
9:23 Feudal Age
10:00 Man-at-Arms
10:46 Long Swordsman
13:21 Arson
23:45 Castle Age
23:11 Horse Collar
23:17 Double-Bit Axe
23:28 Gold Mining
29:14 Imperial Age
26:46 Two-Handed Swordsman
27:21 Gambesons
27:38 Squires
29:22 Champion
30:45 Scale Mail Armor
32:26 Forging
35:37 Bow Saw
35:29 Heavy Plow
36:45 Wheelbarrow
40:12 Hand Cart
41:00 Iron Casting
40:33 Fletching
40:43 Padded Archer Armor
41:09 Ballistics
41:02 Town Watch
42:32 Elite Skirmisher
43:15 Town Patrol
43:40 Chain Mail Armor
43:49 Capped Ram
44:59 Siege Ram
47:51 Blast Furnace
46:48 Pikeman
47:44 Halberdier
Geronimo
10:55 Feudal Age
9:11 Loom
14:48 Castle Age
13:00 Double-Bit Axe
26:05 Scale Barding Armor
26:10 Forging
35:14 Imperial Age
33:19 Wheelbarrow
33:14 Husbandry
36:30 Chain Barding Armor
36:46 Iron Casting
36:35 Caravan
36:07 Cavalier
38:30 Plate Barding Armor
38:19 Paladin
40:05 Blast Furnace
39:56 Fletching
42:24 Conscription
44:46 Bodkin Arrow
44:48 Gold Mining
48:42 Chemistry
47:58 Siege Engineers
PurpleGirafe
10:33 Feudal Age
8:50 Loom
14:30 Castle Age
12:23 Double-Bit Axe
12:58 Horse Collar
15:27 Bow Saw
21:32 Wheelbarrow
22:33 Bloodlines
23:02 Town Watch
23:21 Heavy Plow
23:38 Husbandry
25:23 Gold Mining
27:04 Scale Mail Armor
29:31 Gold Shaft Mining
29:04 Squires
29:36 Scale Barding Armor
29:57 Chain Mail Armor
30:33 Forging
30:55 Grand Trunk Road
32:12 Chain Barding Armor
35:11 Imperial Age
33:27 Hand Cart
33:53 Iron Casting
34:42 Light Cavalry
36:12 Ballistics
36:40 Plate Barding Armor
35:27 Heavy Camel Rider
35:30 Hussar
37:11 Blast Furnace
37:19 Two-Man Saw
37:17 Imperial Camel Rider
39:03 Conscription
38:54 Town Patrol
44:32 Fletching
48:06 Siege Elephant
neto_leo15
0:31 Loom
12:32 Feudal Age
18:44 Castle Age
17:57 Double-Bit Axe
18:05 Gold Mining
22:10 Fletching
36:00 Horse Collar
36:49 Heavy Plow
41:58 Ballistics
41:38 Bodkin Arrow
44:40 Bow Saw
44:18 Town Watch
48:29 Imperial Age
46:57 Wheelbarrow
47:19 Padded Archer Armor
48:58 Leather Archer Armor
Eleandro
8:41 Loom
11:00 Feudal Age
11:42 Horse Collar
11:49 Double-Bit Axe
14:30 Forging
16:42 Bloodlines
23:00 Castle Age
22:09 Scale Barding Armor
22:48 Stone Mining
22:48 Gold Mining
25:36 Bow Saw
27:07 Iron Casting
28:25 Husbandry
31:31 Wheelbarrow
30:42 Town Watch
33:56 Chain Barding Armor
38:21 Imperial Age
36:10 Hand Cart
38:56 Elite Jarl
40:52 Blast Furnace
40:14 Town Patrol
41:54 Ballistics
43:13 Plate Barding Armor
46:43 Caravan
Jarrymo
11:06 Feudal Age
12:54 Loom
15:50 Castle Age
13:40 Double-Bit Axe
15:33 Stone Mining
15:27 Horse Collar
20:56 Gold Mining
22:26 Fletching
26:41 Bow Saw
28:13 Bodkin Arrow
28:20 Padded Archer Armor
29:14 Wheelbarrow
29:57 Leather Archer Armor
32:48 Ballistics
32:21 Town Watch
39:28 Imperial Age
38:15 Hand Cart
40:33 Conscription
40:38 Bracer
40:45 Husbandry
40:52 Thumb Ring
42:12 Elite Mangudai
44:36 Light Cavalry
45:26 Bloodlines
49:25 Chemistry
49:20 Scale Barding Armor
49:46 Parthian Tactics
Moard
7:06 Loom
8:52 Feudal Age
10:40 Double-Bit Axe
13:48 Scale Barding Armor
15:51 Horse Collar
20:01 Castle Age
19:03 Gold Mining
19:30 Forging
21:22 Wheelbarrow
21:27 Bow Saw
22:12 Bloodlines
28:18 Loom
34:32 Chain Barding Armor
34:24 Husbandry
38:09 Gold Shaft Mining
37:51 Hand Cart
40:43 Imperial Age
38:27 Loom
38:41 Stone Mining
39:45 Town Watch
39:54 Fletching
40:26 Ballistics
40:58 Bodkin Arrow
41:03 Padded Archer Armor
41:09 Elite Mangudai
42:57 Conscription
42:40 Bracer
42:56 Leather Archer Armor
43:08 Parthian Tactics
42:50 Thumb Ring
44:52 Chemistry
46:20 Capped Ram
47:14 Siege Ram
Fleischwolf
5:41 Loom
12:31 Feudal Age
12:59 Man-at-Arms
15:08 Double-Bit Axe
19:08 Castle Age
21:10 Bow Saw
20:50 Gold Mining
21:40 Wheelbarrow
25:54 Horse Collar
30:02 Imperial Age
29:50 Husbandry
31:18 Hand Cart
31:54 Conscription
31:09 Heavy Camel Rider
32:06 Scale Barding Armor
32:34 Coinage
33:38 Chain Barding Armor
38:32 Forging
38:58 Plate Barding Armor
38:35 Forging
38:54 Scale Mail Armor
38:55 Elite Varangian Guard
39:36 Squires
39:59 Arson
41:31 Chain Mail Armor
41:39 Ballistics
41:08 Gambesons
41:08 Treadmill Crane
44:02 Logistica
45:27 Plate Mail Armor
49:24 Chemistry
48:07 Treadmill Crane
49:04 Caravan
Connection lost

Rejoining the realm…

Still unreachable

The connection could not be restored.

Session expired

The server has moved on; the page needs a fresh start.